 Dungeon Crawl Stone Soup version 0.21.1-1-g345015f (webtiles) character file.

56 Kairos the Shield-Bearer (level 4, -3/35 HPs)
             Began as a Human Fighter on Apr 1, 2018.
             Splashed by a jelly's acid (9 damage)
             ... on level 1 of the Dungeon.
             The game lasted 00:02:08 (602 turns).

Kairos the Shield-Bearer (Human Fighter)             Turns: 602, Time: 00:02:10

Health: -3/35      AC:  5    Str: 21    XL:     4   Next: 17%
Magic:  4/4        EV:  9    Int:  9    God:
Gold:   36         SH: 12    Dex: 13    Spells: 3/3 levels left

rFire    . . .     SeeInvis .   a - +0 war axe
rCold    . . .     Gourm    .   c - +0 shield
rNeg     . . .     Faith    .   b - +0 scale mail
rPois    +         Spirit   .   (no helmet)
rElec    .         Reflect  +   (no cloak)
rCorr    .         Harm     .   (no gloves)
MR       .....                  g - +1 pair of boots
Stlth    ..........             o - +3 amulet of reflection (curse)
HPRegen  0.11/turn              j - ring of poison resistance
MPRegen  0.09/turn              m - +2 ring of evasion

@: mighty, corroded
A: no striking features
a: no special abilities


You were on level 1 of the Dungeon.
You were not hungry.

You visited 1 branch of the dungeon, and saw 2 of its levels.

You collected 36 gold pieces.

Inventory:

Hand Weapons
 a - a +0 war axe (weapon)
Armour
 b - a +0 scale mail (worn)
 c - a +0 shield (worn)
 g - a +1 pair of boots (worn)
Jewellery
 j - a ring of poison resistance (left hand)
 m - a +2 ring of evasion (right hand)
 o - a cursed +3 amulet of reflection (around neck)
Scrolls
 e - a scroll of noise {unknown}
 p - a scroll of random uselessness {unknown}
 q - a scroll of enchant weapon {unknown}
Potions
 h - a potion of haste {unknown}
 i - 2 potions of ambrosia {unknown}
 k - a potion of cancellation {unknown}
 l - a potion of curing {unknown}
 n - a potion of invisibility {unknown}
Comestibles
 f - 4 rations


   Skills:
 + Level 3.3 Fighting
 + Level 3.0 Axes
 + Level 3.3 Armour
 + Level 3.5 Shields


You had 3 spell levels left.
You didn't know any spells.

Dungeon Overview and Level Annotations

Branches:
Dungeon (2/15)

Altars:


Message History

There is a stone staircase leading down here.
You are too injured to fight recklessly!
You are too injured to fight recklessly!
You hit the jelly but do no damage.
Your hands burn!
You block the jelly's attack. The jelly hits you but does no damage.
You hit the jelly but do no damage.
Your hands burn!
You block the jelly's attack.
You hit the jelly.
Your hands burn!
* * * LOW HITPOINT WARNING * * *
The jelly is lightly wounded.
You block the jelly's attack.
You feel very mighty all of a sudden. The jelly hits you but does no damage.
You slash the jelly!
Your hands burn!
* * * LOW HITPOINT WARNING * * *
The jelly is heavily wounded.
The jelly hits you.
* * * LOW HITPOINT WARNING * * *
You are splashed with acid!
The acid burns!
You die...

...###...........# ##...##
##...#####....##.####.....##
####..........##..)........#
.#########....#####........#
..## #....# ##.......# #..#
##.### #......## ##.## #..#
##.....##
##..########.#######.......#
.....)..........@J.........#
#####(..####.#######.......#
###......### ##......#
######...#######...#.#
#....(......###.#
##..######..# #.# #####
##..## #..###.# #...# ##..#
##.†#...# #...# ##.#
#.....###


You could see a jelly.

Vanquished Creatures
  An adder (D:2)
  An ooze (D:1)
  A dart slug (D:1)
  3 bats (D:1)
  2 goblins (D:1)
  5 hobgoblins
  4 jackals (D:1)
  13 kobolds
  A frilled lizard (D:1)
  4 rats (D:1)
35 creatures vanquished.

Vanquished Creatures (others)
  A fungus (D:2)
  5 toadstools (D:2)
6 creatures vanquished.

Grand Total: 41 creatures vanquished

Notes
Turn   | Place    | Note
-------+----------+-------------------------------------------
     0 | D:1      | Kairos the Human Fighter began the quest for the Orb.
     0 | D:1      | Reached XP level 1. HP: 18/18 MP: 1/1
    77 | D:1      | Reached XP level 2. HP: 18/24 MP: 2/2
   297 | D:1      | Reached XP level 3. HP: 29/29 MP: 3/3
   533 | D:2      | Reached XP level 4. HP: 35/35 MP: 4/4
   602 | D:1      | Splashed by a jelly's acid

Skill      XL: |  1  2  3  4 |
---------------+-------------+-----
Axes           | 3 |  3.0
Fighting       | |  3.3
Armour         | |  3.3
Shields        | |  3.5

Action                   |  1- 3 |  4- 6 || total
-------------------------+-------+-------++-------
Melee: War axe           |    60 |    15 ||    75
  Use: Potion            |       |     1 ||     1
Armor: Scale mail        |    38 |     4 ||    42
Dodge: Dodged            |    16 |     8 ||    24
Block: Shield            |    44 |    17 ||    61
